 Dungeon Crawl Stone Soup version 0.24.0-123-gd5b16e6ec5 (webtiles) character file.

Game seed: 5120920459644819232, levelgen mode: deterministic

1457 FishyPogo the Covered (level 8, -8/64 HPs)
             Began as a Demonspawn Gladiator on Jan 25, 2020.
             Mangled by an ogre
             ... wielding a +0 giant spiked club
              (27 damage)
             ... on level 5 of the Dungeon.
             The game lasted 00:10:41 (4180 turns).

FishyPogo the Covered (Demonspawn Gladiator)        Turns: 4180, Time: 00:10:42

Health: -8/64      AC: 12    Str: 18    XL:     8   Next: 47%
Magic:  8/8        EV: 12    Int:  9    God:
Gold:   246        SH:  5    Dex: 14    Spells: 7/7 levels left

rFire    . . .     SeeInvis .   a - +1 hand axe (vamp)
rCold    . . .     Gourm    .   z - +0 buckler
rNeg     + . .     Faith    .   n - +0 ring mail
rPois    .         Spirit   .   c - +0 helmet
rElec    .         Reflect  .   m - +0 cloak
rCorr    .         Harm     .   r - +0 pair of gloves (curse)
MR       .....                  (no boots)
Stlth    +.........             D - amulet of magic regeneration
HPRegen  0.20/turn              l - ring of positive energy
MPRegen  0.36/turn              b - ring of flight

@: no status effects
A: claws 1, iridescent scales 1, rot immunity
a: Evoke Flight


You were on level 5 of the Dungeon.
You were very hungry.

You visited 1 branch of the dungeon, and saw 5 of its levels.
You also visited: Sewer.

You collected 246 gold pieces.

Inventory:

Hand Weapons
 a - a +1 vampiric hand axe (weapon)
Missiles
 d - 3 throwing nets
 e - 196 stones (quivered)
 v - 48 poisoned darts
Armour
 c - a +0 helmet (worn)
 m - a +0 cloak (worn)
 n - a +0 ring mail (worn)
 r - a cursed +0 pair of gloves (worn)
 z - a +0 buckler (worn)
 C - a +2 shield
Jewellery
 b - a ring of flight (right hand)
 l - a ring of positive energy (left hand)
 D - an amulet of magic regeneration (around neck)
Scrolls
 g - 2 scrolls of fear {unknown}
 j - a scroll of immolation {unknown}
 o - a scroll of fog {unknown}
 p - 6 scrolls of identify
 q - 2 scrolls of teleportation {unknown}
 t - a scroll of vulnerability {unknown}
 y - 2 scrolls of amnesia {unknown}
 B - 2 scrolls of remove curse {unknown}
Potions
 h - a potion of ambrosia {unknown}
 i - 3 potions of degeneration {unknown}
 k - a potion of resistance {unknown}
 s - 6 potions of curing
 u - a potion of heal wounds
 w - 2 potions of brilliance {unknown}
 x - 3 potions of might {unknown}
Comestibles
 f - 11 rations


   Skills:
 + Level 5.9 Fighting
 + Level 3.3 Axes
 - Level 2.0 Throwing
 + Level 6.2 Armour
 - Level 3.0 Dodging
 - Level 4.1 Shields


You had 7 spell levels left.
You didn't know any spells.
Your spell library contained the following spells:

 Spells                   Type           Power        Failure   Level  Hunger
 Animate Skeleton         Necr           N/A          56%         1    ##.....
 Apportation              Tloc           #.....       56%         1    ##.....
 Confusing Touch          Hex            #.....       56%         1    ##.....
 Summon Small Mammal      Summ           #...         56%         1    ##.....


Dungeon Overview and Level Annotations

Branches:
Dungeon (5/15)              Sewer (visited)
 Temple: D:4-7

Altars:
Kikubaaqudgha
Nemelex Xobeh
The Shining One
Beogh

Shops:
D:4 (


Innate Abilities, Weirdness & Mutations

You have sharp fingernails.
You are partially covered in iridescent scales. (AC +2)
You are immune to rotting.


Message History

You hit the ogre.
You feel better.
The ogre is heavily wounded.
The ogre hits you with a +0 giant spiked club!!
You are too injured to fight recklessly!
You barely miss the ogre.
The ogre is heavily wounded.
You hit the ogre.
The ogre is severely wounded.
The ogre hits you with a +0 giant spiked club.
You hit the ogre.
You feel better.
The ogre is severely wounded.
The ogre closely misses you.
You hit the ogre.
You feel better.
The ogre is severely wounded.
The ogre hits you with a +0 giant spiked club!
* * * LOW HITPOINT WARNING * * *
You barely miss the ogre.
The ogre is severely wounded.
The ogre hits you with a +0 giant spiked club!!
You die...

#..........# #.#....#########
#.####.#.#.# . #.#.############
...).......# # #.#.#..........#
##.........# ..#.#.########.#
...(.......# ####.#.########..
..#<..#....#. #.#...........
#.#.#.#....#..######.#.#######...
#'#...#....#...............# #...
....###........O@....#.....# #...
....# #.##.#.........#.....# #...
....# #..........#####.....###...
....###..#...###.# #.^.........
......# ##. #.# #.####..#.##
....#.# # #.# ### #..#.# ....#.#
#+# #....# ....#.# ##.### ....#.#
#.#


You could see an ogre.

Vanquished Creatures
  2 phantoms
  2 ogres (D:4)
  A centaur (D:5)
  5 big kobolds (Sewer)
  A scorpion (D:4)
  2 crimson imps
  A centaur zombie (D:4)
  3 orc priests (D:4)
  A centaur skeleton (D:4)
  An orc wizard (D:4)
  2 worker ants
  2 hound zombies (D:4)
  A worker ant zombie (D:4)
  12 adders
  A howler monkey skeleton (D:4)
  A shadow imp (D:5)
  4 oozes
  2 adder zombies (D:4)
  2 worms (D:2)
  3 dart slugs
  5 leopard geckos
  22 orcs
  2 ball pythons (Sewer)
  9 giant cockroaches
  4 goblins
  12 hobgoblins
  7 jackals
  3 quokkas
  14 bats
  6 frilled lizards
  A jackal skeleton (D:4)
  A jackal zombie (D:4)
  18 kobolds
  A leopard gecko skeleton (D:4)
  A leopard gecko zombie (D:4)
  3 quokka zombies (D:4)
  13 rats
171 creatures vanquished.

Notes
Turn   | Place    | Note
-------+----------+-------------------------------------------
     0 | D:1      | FishyPogo the Demonspawn Gladiator began the quest for the
                  | Orb.
     0 | D:1      | Reached XP level 1. HP: 16/16 MP: 1/1
    68 | D:1      | Gained mutation: You are partially covered in iridescent
                  | scales. (AC +2) [demonic ancestry]
    68 | D:1      | Reached XP level 2. HP: 14/22 MP: 2/2
   136 | D:1      | Reached skill level 1 in Armour
   208 | D:1      | Reached XP level 3. HP: 18/28 MP: 3/3
   734 | D:2      | Reached skill level 2 in Armour
   735 | D:2      | Reached XP level 4. HP: 21/34 MP: 4/4
  1422 | D:2      | You fall into a shaft and drop 2 floors!
  1425 | D:4      | Noticed a phantom
  1511 | D:3      | Reached skill level 3 in Armour
  1511 | D:3      | Gained mutation: You have sharp fingernails. [demonic
                  | ancestry]
  1511 | D:3      | Reached XP level 5. HP: 4/41 MP: 5/5
  1518 | D:3      | Found a glowing drain.
  1691 | Sewer    | Entered a sewer
  1893 | Sewer    | Reached skill level 4 in Armour
  1893 | Sewer    | Gained mutation: You are immune to rotting. [demonic
                  | ancestry]
  1893 | Sewer    | Reached XP level 6. HP: 30/48 MP: 6/6
  2130 | Sewer    | Reached skill level 5 in Armour
  2130 | Sewer    | Reached XP level 7. HP: 39/55 MP: 7/7
  2422 | D:3      | Found a glowing golden altar of the Shining One.
  2422 | D:3      | Found a sparkling altar of Nemelex Xobeh.
  2496 | D:3      | Reached skill level 1 in Shields
  2909 | D:4      | Reached skill level 5 in Fighting
  3039 | D:4      | HP: 2/56 [poisoned by a scorpion]
  3051 | D:4      | Reached XP level 8. HP: 43/62 MP: 8/8
  3177 | D:4      | Found Izouqam's Antique Weapon Boutique.
  3287 | D:4      | Found a roughly hewn altar of Beogh.
  3706 | D:5      | Entered Level 5 of the Dungeon
  3715 | D:5      | Reached skill level 6 in Armour
  3837 | D:5      | Found an ancient bone altar of Kikubaaqudgha.
  4180 | D:5      | Mangled by an ogre

Levels and vault maps discovered:
D:1:      lightli_arrival_statue_moat, layout_basic, hangedman_decor_lopped
D:2:      layout_basic, minmay_close_crescents
D:3:      layout_rooms, gammafunk_temple_overflow_elements, portal_sewer_entry_f
D:4:      layout_loops_corners, serial_shops, shop, serial_undead,
          serial_undead_a, serial_undead_d, serial_undead_c, serial_undead_b,
          serial_undead_e, serial_undead_c, serial_undead_c,
          kennysheep_orc_chapel
D:5:      layout_basic, marbit_many_paths, lemuel_round_altar, first_ration

Skill      XL: |  1  2  3  4  5  6  7  8 |
---------------+-------------------------+-----
Throwing       | 2 |  2.0
Armour         | 1 2 3 4 5 6 |  6.2
Axes           | 3 |  3.3
Dodging        | 3 |  3.0
Fighting       | 3 4 5 |  5.9
Shields        | 3 4 |  4.1

Action                   |  1- 3 |  4- 6 |  7- 9 || total
-------------------------+-------+-------+-------++-------
Melee: War axe           |    93 |   191 |   153 ||   437
       Hand axe          |       |       |   251 ||   251
Throw: Stone             |       |     4 |     7 ||    11
  Use: Potion            |       |       |     3 ||     3
       Scroll            |       |       |     1 ||     1
  Eat: Chunk             |       |     4 |     7 ||    11
Armor: Leather armour    |    43 |       |       ||    43
       Ring mail         |    13 |   111 |   161 ||   285
Dodge: Dodged            |    86 |   161 |   240 ||   487
Block: Buckler           |       |       |    75 ||    75
